 Dungeon Crawl Stone Soup version 0.24-a0-250-g6074511 (webtiles) character file.

Game seed: 9292658931602090153

357 Borgoz the Cutter (level 6, 0/39 HPs)
             Began as a Kobold Monk on Apr 15, 2019.
             Slain by a worker ant (5 damage)
             ... on level 4 of the Dungeon.
             The game lasted 00:10:34 (2706 turns).

Borgoz the Cutter (Kobold Monk)                     Turns: 2706, Time: 00:10:35

Health: 0/39       AC:  7    Str: 11    XL:     6   Next: 96%
Magic:  6/6        EV: 15    Int: 11    God:
Gold:   96         SH:  0    Dex: 17    Spells: 5/5 levels left

rFire    . . .     SeeInvis .   a - +0 short sword
rCold    . . .     Gourm    .   (shield restricted)
rNeg     . . .     Faith    .   m - +0 ring mail
rPois    .         Spirit   .   g - +1 helmet
rElec    .         Reflect  .   (no cloak)
rCorr    .         Harm     .   (no gloves)
MR       .....                  (no boots)
Stlth    ++++......             (no amulet)
HPRegen  0.13/turn              h - ring of stealth
MPRegen  0.10/turn              (no ring)

@: lethally poisoned (0 -> -8)
A: small, carnivore
a: no special abilities


You were on level 4 of the Dungeon.
You were very full.

You visited 1 branch of the dungeon, and saw 4 of its levels.

You collected 96 gold pieces.

Inventory:

Hand Weapons
 a - a +0 short sword (weapon)
Armour
 g - a +1 helmet (worn)
 m - a +0 ring mail (worn)
Jewellery
 h - a ring of stealth (left hand)
Scrolls
 b - a scroll of magic mapping {unknown}
 d - a scroll of identify
 e - a scroll of teleportation
 f - a scroll of amnesia
 i - a scroll of fear {unknown}
Potions
 k - a potion of brilliance
Comestibles
 c - 3 rations


   Skills:
 + Level 4.6 Fighting
 + Level 6.2 Short Blades
 + Level 4.7 Dodging
 + Level 5.9 Stealth


You had 5 spell levels left.
You didn't know any spells.
Your spell library was empty.

Dungeon Overview and Level Annotations

Branches:
Dungeon (4/15)
 Temple: D:4-7

Altars:


Innate Abilities, Weirdness & Mutations

You are small and have problems with some larger weapons.
You are carnivorous and can eat meat at any time.


Message History

You hit the hound.
You kill the hound!
You feel sick. The worker ant bites you.
* * * LOW HITPOINT WARNING * * *
You feel sick.
You hit the worker ant but do no damage.
* * * LOW HITPOINT WARNING * * *
You feel sick. The worker ant misses you.
You barely miss the worker ant.
* * * LOW HITPOINT WARNING * * *
You feel sick. The worker ant completely misses you.
You closely miss the worker ant.
* * * LOW HITPOINT WARNING * * *
You feel sick. The worker ant closely misses you.
You barely miss the worker ant. The worker ant bites you.
* * * LOW HITPOINT WARNING * * *
Okay, then.
* * * LOW HITPOINT WARNING * * *
You feel sick. The worker ant bites you.
You die...

#.# # ##.#####.#
#####...##...#
#....†..<..# #
##.###...##.# #.#
.....##.###.# .... ##
#....# #.####....# ..
#....# #..........
#.###..#.###.#@##...#
#..........#.#a# #
####....###...#.#
.........###.###.#
########..##.# #.#
#....(# #.# #....##
#.# ##..## #!# #....
#.#


You could see a worker ant.

Vanquished Creatures
  A scorpion (D:4)
  A howler monkey (D:4)
  A hound (D:4)
  Natasha (thrice) (D:2)
  An iguana (D:4)
  3 adders (D:3)
  An ooze (D:1)
  3 worms (D:2)
  3 dart slugs
  An orc (D:3)
  9 bats
  5 giant cockroaches
  12 goblins
  21 hobgoblins
  4 jackals (D:3)
  5 kobolds
  A quokka (D:3)
  5 frilled lizards
  10 rats
90 creatures vanquished.

Notes
Turn   | Place    | Note
-------+----------+-------------------------------------------
     0 | D:1      | Borgoz the Kobold Monk began the quest for the Orb.
     0 | D:1      | Reached XP level 1. HP: 14/14 MP: 1/1
   153 | D:1      | Reached XP level 2. HP: 19/19 MP: 2/2
   294 | D:1      | Reached XP level 3. HP: 18/23 MP: 3/3
  1043 | D:2      | Reached XP level 4. HP: 26/29 MP: 4/4
  1135 | D:2      | Noticed Natasha
  1138 | D:2      | Killed Natasha
  1138 | D:2      | Reached skill level 5 in Short Blades
  1193 | D:2      | Noticed Natasha
  1215 | D:2      | Killed Natasha
  1215 | D:2      | Reached XP level 5. HP: 14/33 MP: 5/5
  1531 | D:2      | Noticed Natasha
  1553 | D:2      | Killed Natasha
  1736 | D:3      | Reached skill level 5 in Stealth
  1766 | D:3      | HP: 1/33 [worm (8)]
  2233 | D:3      | Reached XP level 6. HP: 29/38 MP: 6/6
  2650 | D:4      | Reached skill level 6 in Short Blades
  2706 | D:4      | Slain by a worker ant

Levels and vault maps discovered:
D:1:      psy_arrival_wood_between_worlds, layout_loops_corners,
          chequers_serial_rivers_large_b, st_stairs_6
D:2:      layout_basic, feat_on_display, uniq_natasha
D:3:      layout_rooms
D:4:      layout_loops_ring, kennysheep_slug_shrine, minmay_temple_entry_fiery,
          uniq_crazy_yiuf_cottage, uniq_robin

Skill      XL: |  1  2  3  4  5  6 |
---------------+-------------------+-----
Dodging        | 4 |  4.7
Stealth        | 3 4 5 |  5.9
Short Blades   | 5 6 |  6.2
Fighting       | 4 |  4.6

Action                   |  1- 3 |  4- 6 || total
-------------------------+-------+-------++-------
Melee: Short sword       |    97 |   249 ||   346
  Use: Potion            |       |     1 ||     1
       Scroll            |       |     6 ||     6
 Stab: Sleeping          |    15 |    15 ||    30
       Distracted        |       |     2 ||     2
  Eat: Chunk             |     9 |     5 ||    14
Armor: Robe              |    10 |    29 ||    39
       Ring mail         |       |    11 ||    11
Dodge: Dodged            |    63 |   190 ||   253

Table legend:
 A = Non-vault XP
 B = Vault XP
 C = Vault XP percentage of total XP
 D = Non-vault monster count
 E = Vault monster count
 F = Vault count percentage of total count
                 A         B        C        D         E       F
            +---------+---------+-------+---------+---------+-------
      Total |     475 |      36 |   7.0 |      88 |       2 |   2.2
            +---------+---------+-------+---------+---------+-------
        D:1 |      61 |       1 |   1.6 |      29 |       1 |   3.3
        D:2 |     123 |      35 |  22.2 |      28 |       1 |   3.4
        D:3 |      89 |       0 |   0.0 |      27 |       0 |   0.0
        D:4 |     202 |       0 |   0.0 |       4 |       0 |   0.0
            +---------+---------+-------+---------+---------+-------
